 Dungeon Crawl Stone Soup version 0.26.1-11-gd32895ea62 (webtiles) character file.

Game seed: 5327990123403940469

788 Almogavar the Digger (level 7, -1/38 HPs)
             Began as a Gargoyle Earth Elementalist on May 18, 2021.
             Slain by an ice beast (8 damage)
             ... on level 5 of the Dungeon.
             The game lasted 00:17:24 (4494 turns).

Almogavar the Digger (Gargoyle Earth Elementalist)  Turns: 4494, Time: 00:17:25

Health: -1/38      AC:  2    Str: 13    XL:     7   Next: 87%
Magic:  9/15       EV: 12    Int: 16    God:
Gold:   177        SH:  0    Dex: 10    Spells: 12/16 levels left

rFire    . . .     SeeInvis .   h - +0 whip
rCold    . . .     Faith    .   (no shield)
rNeg     + . .     Spirit   .   c - +0 robe
rPois    ∞         Reflect  .   (no helmet)
rElec    +         Harm     .   (no cloak)
rCorr    .         Rampage  .   (no gloves)
Will     .....                  (no boots)
Stlth    ++........             k - amulet of magic regeneration
HPRegen  0.12/turn              e - -4 ring of protection (curse)
MPRegen  0.39/turn              (no ring)

@: no status effects
A: negative energy resistance 1, electricity resistance, unbreathing,
petrification resistance, miasma immunity, AC +4
a: no special abilities


You were on level 5 of the Dungeon.
You visited 2 branches of the dungeon, and saw 6 of its levels.

You collected 177 gold pieces.

Inventory:

Hand Weapons
 h - a +0 whip (weapon)
Missiles
 b - 32 stones
 l - 40 bolts
Armour
 c - a +0 robe (worn)
 q - a +0 leather armour
 t - a +0 chain mail
 u - a +0 ring mail
Jewellery
 e - a cursed -4 ring of protection (left hand)
 k - an amulet of magic regeneration (around neck)
Wands
 r - a wand of flame (6)
Scrolls
 a - a scroll of fear
 i - a scroll of random uselessness {unknown}
 j - a scroll of enchant armour
 n - 2 scrolls of fog
 p - a scroll of teleportation
 v - a scroll of amnesia {unknown}
Potions
 d - a potion of heal wounds
 f - a potion of flight
 g - 2 potions of might {unknown}
 m - 2 potions of curing {unknown}
 o - a potion of lignification {unknown}
 s - 2 potions of ambrosia {unknown}


   Skills:
 + Level 1.2 Fighting
 + Level 0.2 Maces & Flails
 + Level 2.0 Dodging
 + Level 3.0 Stealth
 + Level 5.4 Spellcasting
 + Level 1.5 Conjurations
 + Level 0.8 Transmutations
 + Level 7.3 Earth Magic


You had 12 spell levels left.
You knew the following spells:

 Your Spells              Type           Power        Failure   Level
a - Sandblast             Erth           54%          1%          1
b - Stone Arrow           Conj/Erth      36%          7%          3

Your spell library contained the following spells:

 Spells                   Type           Power        Failure   Level
 Passwall                 Tmut/Erth      14%          4%          2
 Lee's Rapid Deconstruct  Erth           13%          21%         5
 Petrify                  Tmut/Erth      17%          26%         4


Dungeon Overview and Level Annotations

Branches:
Dungeon (5/15)             Temple (1/1) D:4

Altars:
Ashenzari
Cheibriados
Dithmenos
Elyvilon
Fedhas
Hepliaklqana
Qazlal
Ru
Sif Muna
Uskayaw
Vehumet
Wu Jian
Yredelemnul
Zin

Portals:
Abyss: D:4

Annotations:
D:4 2 transporters, TangoThomas's ghost, amateur MiMo


Innate Abilities, Weirdness & Mutations

You are resistant to torment.
Your stone body is resilient. (AC +4)
You are immune to poison.
You resist negative energy. (rN+)
You are resistant to electric shocks. (rElec)
You can survive without breathing.
You are immune to petrification.
You are immune to miasma.


Message History

Casting: Sandblast (safe; 1% risk of failure)
Confirm with . or Enter, or press ? or * to list all spells.
Aiming: Sandblast (safe; 1% risk of failure)
Press: ? - help, Shift-Dir - straight line, f/p - ice beast
Aim: an ice beast (moderately wounded, 19% to evade)
The blast of sand hits the ice beast but does no damage.
The ice beast is moderately wounded.
The ice beast hits you. The ice beast freezes you!
* * * LOW HITPOINT WARNING * * *
Casting: Sandblast (safe; 1% risk of failure)
Confirm with . or Enter, or press ? or * to list all spells.
Aiming: Sandblast (safe; 1% risk of failure)
Press: ? - help, Shift-Dir - straight line, f/p - ice beast
Aim: an ice beast (moderately wounded, 19% to evade)
The blast of sand hits the ice beast!
The ice beast is severely wounded.
The ice beast hits you.
* * * LOW HITPOINT WARNING * * *
The ice beast freezes you!
You die...

#... #... #... ....#####
........#######
.#............# #
.###.#.####.#####.# #
.......@..........# #
.###?#Y####.####..######
... .............. #.##
#.#.########## ...
...... ..>.... ### ###
.####.#### . .......
.##...... #......


You could see an ice beast.

Vanquished Creatures
  Grinder (D:3)
  An ogre (D:4)
  Blork the orc (D:4)
  2 howler monkeys (D:4)
  2 hounds (D:3)
  An orc wizard (D:4)
  An iguana (D:4)
  2 worker ants
  A hound skeleton (D:4)
  4 gnolls
  7 adders
  2 oozes
  4 dart slugs
  3 leopard geckos
  10 orcs
  2 ball pythons
  2 bats
  5 giant cockroaches
  9 goblins
  7 hobgoblins
  3 jackals (D:1)
  7 kobolds
  3 quokkas
  7 frilled lizards
  13 rats
100 creatures vanquished.

Vanquished Creatures (others)
  7 plants (D:3)
7 creatures vanquished.

Grand Total: 107 creatures vanquished

Notes
Turn   | Place    | Note
-------+----------+-------------------------------------------
     0 | D:1      | Almogavar the Gargoyle Earth Elementalist began the quest
                  | for the Orb.
     0 | D:1      | Reached XP level 1. HP: 10/10 MP: 3/3
   299 | D:1      | Reached skill level 4 in Earth Magic
   299 | D:1      | Reached XP level 2. HP: 15/15 MP: 3/5
   549 | D:1      | Reached XP level 3. HP: 17/19 MP: 0/6
   743 | D:1      | Learned a level 3 spell: Stone Arrow
  1048 | D:1      | You fall into a shaft and drop 1 floor!
  1048 | D:2      | Found a faded altar of an unknown god.
  1220 | D:2      | Reached XP level 4. HP: 24/24 MP: 3/7
  1248 | D:2      | Reached skill level 5 in Earth Magic
  1849 | D:2      | Reached XP level 5. HP: 28/28 MP: 7/9
  2189 | D:3      | Found a broken altar of Ashenzari.
  2432 | D:3      | Noticed Grinder
  2435 | D:3      | Paralysed by Grinder for 3 turns
  2810 | D:3      | Killed Grinder
  2811 | D:3      | Reached skill level 6 in Earth Magic
  2811 | D:3      | Reached XP level 6. HP: 24/33 MP: 7/12
  3231 | D:4      | Reached XP level 7. HP: 25/37 MP: 10/14
  3338 | D:3      | Reached skill level 1 in Fighting
  3642 | D:4      | Reached skill level 5 in Spellcasting
  3642 | D:4      | Reached skill level 7 in Earth Magic
  3767 | D:4      | Found a transporter.
  3769 | D:4      | Found a one-way gate to the infinite horrors of the Abyss.
  3769 | D:4      | Noticed TangoThomas's ghost (amateur MiMo)
  3795 | D:4      | Identified the +7 rapier of Juodag {distort, +Inv rElec
                  | Int-3 Dex-2}
  3974 | D:4      | Found a transporter.
  3981 | D:4      | Noticed an ancient zyme
  4007 | D:4      | Found a staircase to the Ecumenical Temple.
  4014 | Temple   | Entered the Ecumenical Temple
  4083 | D:4      | Noticed Blork the orc
  4092 | D:4      | Killed Blork the orc
  4241 | D:4      | Reached skill level 1 in Conjurations
  4429 | D:5      | Entered Level 5 of the Dungeon
  4494 | D:5      | Slain by an ice beast

Illustrated notes

Levels and vault maps discovered:
D:1:      minmay_arrival_stair_chambers, layout_rooms
D:2:      layout_loops_ring, chequers_ecumenical_altar_simple
D:3:      layout_basic, serial_bayou_pond_c, nicolae_ashenzari_panopticon,
          uniq_grinder
D:4:      layout_rooms, temple_green, gammafunk_ghost_abyssal_escape,
          hangedman_decor_points, uniq_blork_the_orc
D:5:      layout_basic, chequers_jeans
Temple:   cyrus_circular_temple

Skill      XL: |  1  2  3  4  5  6  7 |
---------------+----------------------+-----
Earth Magic    | 4 5 6 7 |  7.3
Dodging        | 2 |  2.0
Spellcasting   | 3 4 5 |  5.4
Fighting       | 1 |  1.2
Stealth        | 3 |  3.0
Conjurations   | 1 |  1.5
Maces & Flails | |  0.2
Transmutations | |  0.8

Action                   |  1- 3 |  4- 6 |  7- 9 || total
-------------------------+-------+-------+-------++-------
Melee: Unarmed           |    24 |       |       ||    24
       Short sword       |    23 |    15 |       ||    38
       Whip              |       |    11 |    17 ||    28
 Cast: Sandblast         |    46 |    79 |    29 ||   154
       Stone Arrow       |       |     2 |    15 ||    17
  Use: Scroll            |       |     8 |       ||     8
Armor: Robe              |     9 |    11 |    14 ||    34
Dodge: Dodged            |    33 |    31 |    18 ||    82
